Map: Jagannatha LE

Players

PiLiPiLi - Winner!

  • Race: Protoss Protoss
  • League: Grandmaster
  • Spawn Location: 7:00

DisK

  • Race: Protoss Protoss
  • Spawn Location: 1:00

Event: DreamHack SC2 Masters 2020 Winter

VOD

Have the link to the VOD?

Description

Time

  • Played on: Oct. 31, 2020, 3:30 p.m.
  • Length: 7:30

All games in this series

Show
View Real Time Build Order
Export as new Build Order

PiLiPiLi Protoss - Winner!

Build Orders: Blink Stalkers 

Get SALT Encoding   

  12  0:00  Probe  
  13  0:12  Probe  
  14  0:17  Pylon  
  14  0:24  Probe (Chrono Boost)  
  15  0:36  Probe (Chrono Boost)  
  15  0:38  Gateway  
  16  0:44  Probe (Chrono Boost)  
  16  0:48  Assimilator  
  17  0:51  Probe  
  17  0:55  Assimilator  
  18  1:03  Probe (Chrono Boost)  
  19  1:08  Gateway  
  19  1:15  Probe (Chrono Boost)  
  20  1:21  Probe (Chrono Boost)  
  21  1:26  Cybernetics Core  
  21  1:29  Probe  
  22  1:35  Pylon  
  22  1:41  Probe  
  23  1:53  Probe  
  24  2:01  Adept  
  24  2:02  Warp Gate (Chrono Boost), Adept  
  24  2:06  Pylon  
  28  2:11  Probe  
  29  2:31  Adept  
  29  2:32  Adept, Probe  
  33  2:49  Nexus  
  33  3:02  Adept x2  
  37  3:09  Pylon  
  37  3:12  Probe  
  38  3:25  Twilight Council, Probe  
  39  3:37  Probe  
  39  3:41  Shield Battery  
  40  3:49  Adept x2  
  40  3:51  Probe  
  40  3:55  Forge  
  45  3:56  Blink (Chrono Boost)  
  45  4:01  Probe  
  46  4:03  Probe  
  47  4:16  Probe, Sentry x2  
  50  4:30  Probe  
  51  4:36  Probe  
  52  4:40  Protoss Ground Weapons Level 1 (Chrono Boost)  
  52  4:43  Probe  
  51  4:48  Stalker x2, Probe  
  56  4:56  Gateway  
  56  5:03  Probe x2  
  56  5:04  Phoenix  
  56  5:06  Robotics Facility  
  50  5:18  Probe  
  50  5:19  Probe  
  50  5:20  Assimilator  
  48  5:22  Assimilator  
  48  5:25  Gateway  
  48  5:26  Sentry  
  48  5:27  Stalker  
  52  5:28  Gateway  
  52  5:35  Probe, Dark Shrine  
  52  5:38  Probe  
  52  5:41  Pylon  
  54  5:47  Gateway  
  54  5:49  Pylon  
  54  5:50  Probe  
  55  5:58  Warp Prism (Chrono Boost), Probe  
  58  6:05  Stalker x2  
  62  6:18  Photon Cannon  
  62  6:20  Photon Cannon  
  62  6:22  Pylon  
  62  6:40  Stalker x2  
  62  6:41  Stalker x3  
  72  7:15  Dark Templar  
  72  7:16  Dark Templar x3  
  72  7:20  Zealot  
Show
View Real Time Build Order
Export as new Build Order

DisK Protoss 

Build Orders:  

Get SALT Encoding   

  12  0:00  Probe  
  13  0:12  Probe  
  14  0:17  Pylon  
  14  0:24  Probe  
  15  0:35  Gateway  
  15  0:38  Probe (Chrono Boost)  
  16  0:46  Probe (Chrono Boost)  
  16  0:47  Assimilator  
  17  0:52  Probe (Chrono Boost)  
  17  0:55  Assimilator  
  18  1:04  Probe (Chrono Boost)  
  18  1:08  Gateway  
  19  1:13  Probe (Chrono Boost)  
  20  1:19  Probe  
  20  1:24  Cybernetics Core  
  21  1:31  Probe  
  22  1:35  Pylon  
  22  1:43  Probe  
  23  1:55  Probe  
  23  2:00  Stalker, Sentry  
  28  2:03  Warp Gate  
  28  2:07  Probe  
  29  2:11  Pylon  
  29  2:19  Probe  
  30  2:34  Stalker  
  30  2:35  Stalker  
  33  2:54  Nexus  
  33  3:03  Probe  
  34  3:08  Shield Battery  
  34  3:09  Sentry  
  36  3:19  Probe  
  37  3:26  Twilight Council  
  37  3:31  Pylon, Probe  
  38  3:43  Probe  
  38  3:45  Shield Battery  
  39  3:50  Forge  
  39  3:51  Stalker  
  39  3:55  Probe  
  42  3:59  Stalker  
  44  4:07  Probe x2 (Chrono Boost)  
  46  4:14  Blink  
  47  4:19  Shield Battery  
  46  4:29  Stalker  
  43  4:33  Stalker  
  41  4:55  Probe  
  41  5:05  Pylon  
  41  5:11  Probe (Chrono Boost)  
  41  5:12  Probe (Chrono Boost)  
  42  5:22  Probe (Chrono Boost)  
  42  5:23  Probe (Chrono Boost)  
  42  5:27  Probe x2 (Chrono Boost), Sentry x2  
  48  5:37  Probe (Chrono Boost)  
  48  5:38  Phoenix, Probe (Chrono Boost)  
  50  5:45  Probe x2 (Chrono Boost)  
  52  5:55  Probe x2  
  54  6:03  Nexus  
  54  6:05  Pylon  
  54  6:08  Probe (Chrono Boost)  
  56  6:11  Probe (Chrono Boost)  
  56  6:13  Stalker  
  56  6:18  Stalker  
  60  6:22  Probe (Chrono Boost)  
  60  6:25  Probe (Chrono Boost)  
  62  6:33  Gateway  
  62  6:34  Gateway  
  62  6:37  Robotics Facility  
  62  6:39  Probe  
  63  6:41  Probe  
  63  6:46  Stalker  
  66  6:48  Stalker  
  68  6:57  Shield Battery  
  68  6:58  Shield Battery  
  68  7:07  Gateway  
  68  7:09  Gateway  
  68  7:10  Stalker, Pylon  
  70  7:16  Assimilator  
  70  7:25  Pylon  
Tags
 
Add a new tag
Caveats
  • Supply blocks, unpowered buildings, or Contaminate may cause inaccurate times.
  • Supply counts are checked every 10 seconds.